Description

wcs zerg vs protoss in frozen temple

Build Order

Get SALT Encoding   

  12  0:00  Drone  
  13  0:12  Overlord  
  13  0:17  Drone  
  14  0:31  Drone x2  
  14  0:34  Drone  
  17  0:52  Hatchery  
  17  0:54  Drone  
  17  0:58  Drone  
  17  1:01  Extractor  
  17  1:13  Spawning Pool  
  17  1:16  Drone  
  17  1:20  Drone  
  18  1:28  Drone  
  19  1:38  Overlord  
  19  1:49  Drone  
  20  2:00  Queen  
  20  2:01  Metabolic Boost  
  22  2:03  Queen  
  22  2:04  Drone  
  22  2:07  Drone  
  26  2:12  Drone  
  26  2:15  Zergling x2  
  28  2:22  Drone  
  29  2:26  Drone  
  30  2:37  Drone, Hatchery  
  30  2:38  Drone  
  30  2:44  Overlord  
  31  2:46  Zergling x2  
  32  2:54  Zergling x2  
  33  2:59  Drone  
  34  3:06  Drone  
  34  3:08  Drone x3  
  34  3:09  Drone  
  34  3:11  Drone  
  40  3:18  Spore Crawler  
  40  3:19  Drone x3  
  43  3:26  Roach Warren  
  42  3:27  Overlord  
  42  3:28  Drone  
  42  3:32  Queen, Extractor  
  45  3:35  Overlord  
  45  3:45  Overlord  
  45  3:47  Overlord  
  45  4:06  Roach x7  
  59  4:11  Zergling x8  
  59  4:15  Roach  
  59  4:16  Zergling x4  
  67  4:20  Zergling x2  
  67  4:21  Zergling x6  
  71  4:25  Overlord  
  71  4:28  Queen  
  71  4:35  Zergling x8  
  75  4:46  Zergling x8  
  75  4:47  Zergling x4  
  75  4:50  Lair  
  75  4:51  Zergling x6  
  84  4:59  Zergling x2  
  89  5:00  Zergling x8  
  87  5:07  Zergling x4  
  86  5:14  Zergling x2  
  86  5:21  Drone x3  
  86  5:22  Overlord, Drone x2  
  86  5:23  Overlord  
  86  5:28  Overlord  
  90  5:31  Overlord  
  90  5:35  Evolution Chamber  
  90  5:37  Overlord  
  90  5:38  Overlord  
  90  5:39  Drone  
  90  5:41  Drone x2  
  90  5:42  Drone x2  
  94  5:45  Drone x2  
  96  5:50  Drone x3  
  96  5:53  Drone  
  100  6:01  Drone x2  
  100  6:02  Drone  
  101  6:04  Drone  
  101  6:05  Drone x2  
  104  6:12  Hatchery  
  104  6:15  Overlord  
  104  6:16  Extractor  
  102  6:19  Zergling x8  
  102  6:20  Extractor  
  102  6:23  Spore Crawler  
  102  6:24  Spore Crawler  
  103  6:26  Spore Crawler  
  103  6:27  Roach x2  
  103  6:28  Roach  
  103  6:31  Roach x2  
  112  6:38  Roach x5  
  125  6:46  Drone x7  
  132  6:52  Drone  
  132  6:53  Zerg Melee Weapons Level 1  
  134  6:54  Drone x2  
  134  6:58  Overlord  
  135  7:05  Overlord  
  135  7:09  Baneling Nest  
  135  7:10  Drone x2  
  135  7:11  Drone  
  135  7:13  Overlord  
  137  7:16  Overlord  
  137  7:17  Overlord, Drone  
  137  7:18  Drone x4  
  142  7:24  Drone x2  
  142  7:27  Ravager x2  
  138  7:30  Roach  
  138  7:31  Roach  
  138  7:32  Roach  
  138  7:33  Queen x2  
  138  7:36  Roach x2  
  145  7:37  Roach  
  145  7:40  Roach  
  146  7:50  Drone x6  
  152  7:51  Drone, Extractor  
  152  7:53  Hatchery  
  151  7:59  Spore Crawler  
  150  8:11  Drone  
  150  8:12  Drone x7  
  148  8:14  Spore Crawler  
  130  8:29  Drone x5  
  130  8:32  Overlord  
  130  8:33  Centrifical Hooks  
  133  8:40  Zergling x10  
  138  8:43  Zergling x6  
  138  8:44  Ravager x3  
  138  8:45  Hatchery  
  138  8:46  Zergling x2  
  144  8:50  Zerg Melee Weapons Level 2  
  144  8:52  Zergling x4  
  146  8:56  Zergling x2, Spine Crawler x2  
  146  8:58  Overseer  
  146  9:00  Zergling x2  
  146  9:06  Zergling x10  
  151  9:11  Zergling x4  
  151  9:12  Zergling x4  
  151  9:13  Overlord  
  151  9:14  Spire  
  154  9:17  Zergling x10  
  159  9:25  Zergling x6  
  162  9:40  Zergling x16  
  162  9:41  Zergling x4  
  172  9:47  Hatchery  
  172  9:52  Extractor  
  170  9:58  Zergling x2  
  170  9:59  Zergling x20  
  181  10:09  Queen  
  174  10:25  Zergling x34  
  174  10:26  Zergling x4  
  193  10:28  Mutalisk  
  190  10:37  Mutalisk  
  190  10:38  Mutalisk x4  
  198  10:46  Mutalisk  
  182  11:25  Mutalisk x9  
  156  11:27  Zergling x36  
  156  11:28  Zergling x4  
  156  11:32  Queen  
  190  11:38  Zergling x12  
  198  11:42  Baneling  
  198  11:43  Baneling x8  
  198  11:45  Baneling  
  198  11:51  Zergling x2  
  194  12:02  Zergling x12  
  197  12:11  Roach x3  
  197  12:20  Hatchery  
  197  12:21  Zergling x2  
  197  12:22  Zergling x20  
  186  12:29  Mutalisk x3  
  183  12:46  Baneling  
  183  12:47  Baneling x18  
  177  13:07  Zergling x2  
  177  13:08  Zergling x16  
  151  13:28  Zergling x10  
  149  13:34  Overseer  
Spawning Tool Build Advisor. Get it on Overwolf

Go to:

Details

  • Created by: DarkHeartz
  • Published on: Nov 08, 2016
  • Modified on: Nov 08, 2016
  • Patch: Pre-3.8.0
Show
View Real Time Build Order
Export as new Build Order

Comments (0)

There are no comments. Be the first!

Create an account to comment!